 Dungeon Crawl Stone Soup version 0.30.1-11-g7821555f0a (webtiles) character file.

Game seed: 3488029444076457649

4186 ChrisAssaf the Magician (level 10, -2/69 HPs)
             Began as a Djinni Conjurer on Nov 10, 2023.
             Was an Initiate of Gozag.
             Slain by a yak (12 damage)
             ... on level 8 of the Dungeon.
             The game lasted 00:32:28 (6772 turns).

ChrisAssaf the Magician (Djinni Conjurer)           Turns: 6772, Time: 00:32:28

Health: -2/69      AC:  7    Str:  8    XL:     10   Next: 53%
Gold:   623        EV: 14    Int: 23    God:    Gozag SH:  0 Dex: 14

rFire   + + .        b - +2 broad axe (drain)
rCold   x . .        (no shield)
rNeg    . . .        g - +1 troll leather armour {Pargi}
rPois   ∞            (no helmet)
rElec   .            (no cloak)
rCorr   .            j - +1 pair of gloves {infuse}
SInv    +            (boots unavailable)
Will    +....        (no amulet)
Stlth   ++           c - ring "Udos" {rPois Dex+3}
HPRegen 1.11/turn    z - ring of see invisible
MPRegen 0.00/turn

%: infuse magic (-3 HP)
@: flying
A: sickness immunity, fire resistance 2, cold vulnerability 1, float, innate
caster, HP casting, extra vitality 1
a: Renounce Religion, Potion Petition, Call Merchant, Bribe Branch


You were on level 8 of the Dungeon.
You worshipped Gozag.
Gozag was pleased with you.
You visited 1 branch of the dungeon, and saw 8 of its levels.
You also visited: Sewer.

You collected 1380 gold pieces.
You spent 169 gold pieces at shops.
You paid 588 gold pieces to Gozag.

Inventory:

Hand Weapons
 b - a +2 broad axe of draining (weapon)
Missiles
 d - 6 javelins
 h - 6 datura-tipped darts (quivered)
 m - 6 atropa-tipped darts
 B - 4 boomerangs
Armour
 a - a +0 robe
 g - a +1 troll leather armour (worn) {Pargi}
 j - a +1 pair of gloves of infusion (worn)
Jewellery
 c - the ring "Udos" (left hand) {rPois Dex+3}
   (You found it on level 2 of the Dungeon)

   [ring of poison resistance]

   Dex:       It affects your dexterity (+3).
   rPois:     It protects you from poison.
 p - an amulet of regeneration
 z - a ring of see invisible (right hand)
Wands
 x - a wand of flame (5)
 y - a wand of iceblast (22)
Scrolls
 i - a scroll of noise
 l - 3 scrolls of magic mapping
 r - a scroll of vulnerability
 u - a scroll of torment
Potions
 e - 2 potions of attraction {unknown}
 f - 2 potions of degeneration
 k - 3 potions of brilliance
 o - a potion of ambrosia {unknown}
 q - 4 potions of berserk rage {unknown}
 s - a potion of mutation {unknown}
 t - a potion of haste {unknown}
 v - 3 potions of cancellation {unknown}
 w - 2 potions of curing


   Skills:
 * Level 4.4 Fighting
 * Level 5.1 Axes
 * Level 3.2 Throwing
 * Level 4.2 Armour
 * Level 6.0 Dodging
 * Level 4.2 Stealth
 * Level 6.9 Spellcasting
 * Level 2.3 Evocations


You knew the following spells:

 Your Spells              Type           Power      Damage    Failure   Level
a - Magic Dart            Conj           100%       1d8       1%          1
b - Searing Ray           Conj           78%        2d7       1%          2
c - Dazzling Flash        Conj/Hex       78%        N/A       1%          3
d - Fulminant Prism       Conj/Hex       19%        3d11      6%          4
e - Iskenderun's Mystic   Conj/Tloc      39%        2d9       6%          4
f - Necrotise             Necr           100%       1d9       1%          1
g - Scorch                Fire           78%        2d8       1%          2
h - Ignite Poison         Fire/Tmut/Pois 39%        N/A       1%          3
i - Confusing Touch       Hex            39%        N/A       1%          3
Your spell library was empty.

Dungeon Overview and Level Annotations

Branches:
Dungeon (8/15)             Temple (0/1) D:4            Lair (0/5) D:8
  Sewer (visited)

Altars:
Fedhas
Gozag
Okawaru
Qazlal
Ru
Xom
The Shining One

Shops:
D:6 *

Annotations:
D:5 Modestlyawesome's ghost, novice MiGl


Innate Abilities, Weirdness & Mutations

You are immune to sickness and miasma.
You are immune to poison.
Your flesh is very heat resistant. (rF++)
You are vulnerable to cold. (rC-)
You float through the air rather than walking.
You learn spells naturally, not from books.
Your magical power is your life essence.
You have superior vitality. (+4 MHP)


Message History

Your fulminant prism explodes!
The blast of energy engulfs the yak!!
The yak is severely wounded.
The blast of energy engulfs the yak!!
You kill the yak!
Your Dodging skill increases to level 6!
The yak attacks as you move away! The yak gores you!
* * * LOW HITPOINT WARNING * * *
The yak is distracted by your dazzling golden aura.
The yak gores you.
* * * LOW HITPOINT WARNING * * *
The yak is no longer distracted by gold.
The yak is distracted by your dazzling golden aura.
The yak is no longer distracted by gold.
The yak is distracted by your dazzling golden aura.
Your magical contamination has completely faded away.
The yak bellows!
Casting: Fulminant Prism (dangerous; 6% risk of failure)
Confirm with . or Enter, or press ? or * to list all spells.
Aiming: Searing Ray (safe; 1% risk of failure)
Press: ? - help, Shift-Dir - straight line, f - yak
Aim: a yak (heavily wounded, 88% to hit)
The searing ray hits the yak.
The yak is severely wounded.
The searing ray hits the yak.
The yak is heavily wounded. (Press . to maintain the ray.)
* * * LOW HITPOINT WARNING * * *
The yak gores you.
* * * LOW HITPOINT WARNING * * *
The searing ray hits the yak!
The yak is almost dead.
The searing ray hits the yak.
The yak is heavily wounded.
* * * LOW HITPOINT WARNING * * *
The yak gores you!
* * * LOW HITPOINT WARNING * * *
You feel better. The yak gores you!
You die...
Your body crumbles into a pile of gold.

#.....#....#,
#..$..$....+,
#.....#....#,
#.....#,...#.
#.....#,,..#.
#.....#,,,.#.
#.....#,,,,#.
#########.....#,,,,#.
#...@Y..Y.....######.
#....Y...............
#...............)....
#....................
#...............<...#
#...................#
#...................'
#...................#
######...................#


You could see 3 yaks.

Vanquished Creatures
  Pikel (D:6)
  3 yaks (D:8)
  A wyvern (D:7)
  A steam dragon (D:8)
  Duvessa (D:7)
  3 water moccasins
  A black bear (D:7)
  2 ice beasts (D:6)
  3 sky beasts
  Pargi (Sewer)
  2 ogres
  3 centaurs
  2 phantoms
  A bullfrog (D:7)
  4 scorpions
  Dowan (D:7)
  4 killer bees (D:7)
  A lava snake (D:7)
  6 hounds
  2 orc priests
  Crazy Yiuf (D:5)
  An iguana (D:6)
  3 sleepcaps
  A gnoll bouda (D:4)
  7 orc wizards
  10 gnolls
  6 adders
  6 shadow imps
  2 white imps
  An ufetubus (D:4)
  An adder skeleton (D:2)
  4 worms
  22 orcs
  4 bats
  2 bat zombies (D:2)
  8 endoplasms
  7 giant cockroaches
  3 goblins (D:4)
  11 hobgoblins
  5 jackals
  4 quokkas
  12 ball pythons
  4 frilled lizards
  A jackal zombie (D:2)
  5 kobolds
  A quokka skeleton (D:2)
  2 quokka zombies (D:2)
  10 rats
187 creatures vanquished.

Vanquished Creatures (others)
  5 fulminant prisms
5 creatures vanquished.

Grand Total: 192 creatures vanquished

Notes
Turn   | Place    | Note
-------+----------+-------------------------------------------
     0 | D:1      | ChrisAssaf the Djinni Conjurer began the quest for the Orb.
     0 | D:1      | ChrisAssaf set off with the following spells memorised:
                  | Magic Dart, Searing Ray, Dazzling Flash, Fulminant Prism,
                  | Iskenderun's Mystic Blast.
     0 | D:1      | Reached XP level 1. HP: 15/15 MP: 0/0
    96 | D:1      | Reached XP level 2. HP: 18/21 MP: 0/0
   102 | D:2      | Identified the ring "Udos" {rPois Dex+3}
   317 | D:2      | Reached XP level 3. HP: 22/25 MP: 0/0
   317 | D:2      | Learned a level 1 spell: Necrotise
   561 | D:3      | Found a glowing drain.
   574 | Sewer    | Entered a sewer
   644 | Sewer    | Noticed Pargi
   651 | Sewer    | Killed Pargi
   652 | Sewer    | Reached skill level 1 in Armour
   652 | Sewer    | Reached XP level 4. HP: 27/31 MP: 0/0
   652 | Sewer    | Reached XP level 5. HP: 30/35 MP: 0/0
   652 | Sewer    | Learned a level 2 spell: Scorch
   762 | D:3      | Found an opulent altar of Gozag.
   928 | D:3      | Became a worshipper of Gozag Ym Sagoz the Greedy
  1763 | D:2      | Identified a scroll of acquirement
  1778 | D:2      | Acquired a +1 broad axe of draining
  2002 | D:1      | Reached XP level 6. HP: 39/40 MP: 0/0
  2813 | D:4      | Reached skill level 5 in Spellcasting
  2877 | D:4      | Reached skill level 1 in Axes
  2898 | D:4      | Noticed an ogre
  2905 | D:4      | Killed an ogre
  2906 | D:4      | Reached XP level 7. HP: 45/46 MP: 0/0
  2906 | D:4      | Learned a level 3 spell: Ignite Poison
  2939 | D:4      | Found a glowing golden altar of the Shining One.
  3030 | D:4      | Found a staircase to the Ecumenical Temple.
  3215 | D:4      | Found a sacrificial altar of Ru.
  3215 | D:4      | Found a blossoming altar of Fedhas.
  3459 | D:5      | Entered Level 5 of the Dungeon
  3564 | D:5      | Reached skill level 1 in Fighting
  3627 | D:5      | Found a runed translucent door.
  3628 | D:5      | Noticed Crazy Yiuf
  3635 | D:5      | Killed Crazy Yiuf
  3746 | D:5      | Found a runed translucent gate.
  3746 | D:5      | Found a runed translucent gate.
  3747 | D:5      | Found a runed translucent gate.
  3749 | D:5      | Noticed Modestlyawesome's ghost (novice MiGl)
  3766 | D:5      | Reached skill level 1 in Throwing
  3933 | D:5      | Reached XP level 8. HP: 51/52 MP: 0/0
  4346 | D:5      | HP: 2/54 [Modestlyawesome's ghost (6)]
  4725 | D:6      | Reached XP level 9. HP: 35/59 MP: 0/0
  4725 | D:6      | Learned a level 3 spell: Confusing Touch
  4810 | D:6      | Found a shimmering altar of Xom.
  4811 | D:6      | Noticed Pikel
  4836 | D:6      | Killed Pikel
  5279 | D:6      | Bought a potion of heal wounds for 65 gold pieces
  5279 | D:6      | Bought a scroll of identify for 26 gold pieces
  5279 | D:6      | Bought 2 potions of curing for 78 gold pieces
  5434 | D:7      | Reached skill level 1 in Evocations
  5453 | D:7      | Noticed Dowan
  5454 | D:7      | Noticed Duvessa
  5468 | D:7      | Killed Duvessa
  5471 | D:7      | Killed Dowan
  5685 | D:7      | Found an iron altar of Okawaru.
  5739 | D:7      | Reached skill level 5 in Dodging
  5739 | D:7      | Reached XP level 10. HP: 31/67 MP: 0/0
  6454 | D:8      | Reached skill level 5 in Axes
  6592 | D:8      | Found a stormy altar of Qazlal.
  6720 | D:8      | Noticed a death yak
  6723 | D:8      | Noticed a death yak
  6723 | D:8      | Noticed a death yak
  6771 | D:8      | HP: 2/69 [yak (14)]
  6772 | D:8      | Slain by a yak

Illustrated notes

Levels and vault maps discovered:
D:1:      nicolae_arrival_memento_mori, layout_basic, supply_closet_lemuel,
          chequers_serial_rivers_small_b, eino_curves_02, minmay_split_cup_large
D:2:      layout_basic, serial_undead, serial_undead_d, serial_undead_b,
          serial_undead_c, serial_undead_e, serial_undead_a, serial_undead_f,
          serial_undead_f, hangedman_decor_lopped, minmay_pentomino_o4
D:3:      layout_loops_ring, nicolae_gozag_cash_rules_everything_around_me,
          cheibrodos_sewer_entry_drain
D:4:      layout_cave_pools, nicolae_tso_swordbearing_angel,
          gammafunk_temple_overflow_wave, minmay_temple_entry_junction
D:5:      layout_basic, overflow_temple_1_default, gammafunk_ghost_split,
          serial_corexii_hall, corexii_hall_statues_l, corexii_hall_statues_t,
          corexii_hall_statues_s, corexii_hall_statues_l,
          hangedman_decor_diamond_cutter, uniq_crazy_yiuf_cottage
D:6:      layout_loops_ring, old_standard_altar, minmay_misc_feat_doors,
          uniq_pikel
D:7:      layout_cave_pools, okawaru_trees_2, led_sif_book,
          minmay_misc_feat_nine_boxes, kennysheep_crisscross, uniq_duvessa
D:8:      layout_gridville, nicolae_qazlal_beasts_of_the_sky,
          nicolae_kikubaaqudgha_miasma_corner, dpeg_lair_monsters

Skill      XL: |  1  2  3  4  5  6  7  8  9 10 |
---------------+-------------------------------+-----
Armour         | 1 2 3 4 |  4.2
Spellcasting   | 4 5 6 |  6.9
Stealth        | 2 3 4 |  4.2
Dodging        | 3 4 5 6 |  6.0
Axes           | 1 2 3 4 5 |  5.1
Fighting       | 1 2 3 4 |  4.4
Throwing       | 1 2 3 |  3.2
Evocations     | 1 2 |  2.3

Action                     |  1- 3 |  4- 6 |  7- 9 | 10-12 || total
---------------------------+-------+-------+-------+-------++-------
  Melee: Broad axe         |       |    36 |    97 |    18 ||   151
         Punch             |       |       |     1 |       ||     1
  Throw: Dart              |       |       |     2 |       ||     2
   Cast: Magic Dart        |    33 |     7 |     4 |     6 ||    50
         Searing Ray       |     4 |     6 |    19 |     9 ||    38
         Scorch            |       |    53 |    31 |     8 ||    92
         Fulminant Prism   |       |       |     2 |     3 ||     5
         Ignite Poison     |       |       |     1 |       ||     1
         Iskenderun's Myst |       |       |     2 |       ||     2
         Confusing Touch   |       |       |     8 |     2 ||    10
 Invoke: Call Merchant     |       |       |     1 |       ||     1
  Evoke: Wand              |       |       |       |     5 ||     5
    Use: Scroll            |     4 |     6 |     9 |     5 ||    24
         Potion            |       |       |       |     5 ||     5
   Stab: Sleeping          |       |     2 |     2 |     2 ||     6
 Armour: Robe              |    10 |       |       |       ||    10
         Troll leather arm |       |    37 |    69 |    39 ||   145
  Dodge: Dodged            |    18 |    65 |   158 |    90 ||   331
